 Dungeon Sprint DCSS version 0.21.2 (webtiles) character file.

895 Fang the Cleaver (level 8, -16/84 HPs)
             Began as a Gargoyle Berserker on Jan 23, 2019.
             Was a High Priest of Trog.
             Demolished by a freezing wraith (19 damage)
             ... in the Dungeon (Sprint VII: "The Pits").
             The game lasted 00:02:42 (790 turns).

Fang the Cleaver (Gargoyle Berserker)                Turns: 790, Time: 00:02:42

Health: -16/84     AC: 20    Str: 29    XL:     8   Next: 6%
Magic:  2/2        EV:  9    Int:  7    God:    Trog [*****.]
Gold:   0          SH:  0    Dex:  9    Spells: 7/7 levels left

rFire    . . .     SeeInvis .   o - +4 battleaxe (antimagic)
rCold    . . .     Gourm    .   (shield currently unavailable)
rNeg     + . .     Faith    .   n - +2 plate armour
rPois    ∞         Spirit   .   (no helmet)
rElec    +         Reflect  .   (no cloak)
rCorr    .         Harm     .   (no gloves)
MR       .....     NoTele   +   (no boots)
Stlth    ..........             (no amulet)
HPRegen  0.24/turn              (no ring)
MPRegen  0.08/turn              (no ring)

@: berserking, slowed
A: negative energy resistance 1, electricity resistance, unbreathing,
petrification resistance, rot immunity, AC +5
a: Berserk, Trog's Hand, Brothers in Arms, Burn Spellbooks, Renounce Religion


You were in the Dungeon.
You worshipped Trog.
Trog was extremely pleased with you.
You were very hungry.

You visited 1 branch

Inventory:

Hand Weapons
 j - a +2 hand axe
 m - a +0 hand axe of freezing
 o - a +4 antimagic battleaxe (weapon)
Armour
 b - a +0 animal skin
 n - a +2 plate armour (worn)
Scrolls
 i - a scroll of blinking
 k - 3 scrolls of remove curse
 l - a scroll of summoning
Potions
 a - 2 potions of invisibility
 d - 6 potions of curing
 e - 4 potions of heal wounds
 f - a potion of haste
 g - 4 potions of magic
 h - 3 potions of berserk rage
Comestibles
 c - 9 rations


   Skills:
 + Level 9.5 Fighting
 + Level 11.4 Axes
 + Level 7.3 Armour
 + Level 4.2 Dodging
 + Level 4.4 Stealth


You had 7 spell levels left.
You didn't know any spells.

Dungeon Overview and Level Annotations

Branches:
Dungeon (1/1)

Altars:


Innate Abilities, Weirdness & Mutations

You are resistant to torment.
Your stone body is resilient. (AC +5)
You are immune to poison.
You resist negative energy. (rN+)
You are resistant to electric shocks. (rElec)
You can survive without breathing.
You are immune to petrification.
You are immune to rotting.


Message History

A red film seems to cover your vision as you go berserk!
You feel yourself moving faster!
You feel mighty!
You are feeling very hungry.
The freezing wraith hits you.
* * * LOW HITPOINT WARNING * * *
The freezing wraith freezes you!
* * * LOW HITPOINT WARNING * * *
The freezing wraith hits you.
* * * LOW HITPOINT WARNING * * *
Unknown command.
You slice the freezing wraith!!
The freezing wraith is severely damaged.
The freezing wraith hits you but does no damage.
The freezing wraith closely misses you.
You barely miss the freezing wraith.
The freezing wraith is severely damaged.
The freezing wraith hits you.
* * * LOW HITPOINT WARNING * * *
The freezing wraith freezes you!!
You die...

#.#####'#####...<...#
#.#...)))..##.......#
#.#..[))...##.......#
#'###########.......#
#.[[((..#..##########
#.###[).#.######
#.#.....#.#....#
#.#...#.#%#)...#
#.....#.#(@†...+
#...###§#'#W...#
#.......'.#....#
################


You could see a freezing wraith.

Vanquished Creatures
  Sigmund (D)
  A porcupine (D)
  A swamp drake (D)
  3 centaurs (D)
  A big kobold (D)
  A bullfrog (D)
  A jelly (D)
  2 orc priests (D)
  Crazy Yiuf (D)
  A worker ant (D)
  A gnoll (D)
  A river rat (D)
  An ooze (D)
  An adder zombie (D)
  4 orcs (D)
  A bat (D)
  A bat skeleton (D)
  A giant cockroach (D)
  A quokka (D)
  A frilled lizard (D)
  2 leopard gecko skeletons (D)
28 creatures vanquished.

Notes
Turn   | Place    | Note
-------+----------+-------------------------------------------
     0 | D        | Fang the Gargoyle Berserker began the quest for the Orb.
     0 | D        | Reached XP level 1. HP: 14/14 MP: 1/1
    14 | D        | Reached skill level 3 in Axes
   118 | D        | Reached ** piety under Trog
   126 | D        | Reached XP level 2. HP: 16/20 MP: 2/2
   181 | D        | Noticed Sigmund
   187 | D        | Reached *** piety under Trog
   195 | D        | Killed Sigmund
   195 | D        | Reached skill level 7 in Axes
   195 | D        | Reached XP level 3. HP: 28/28 MP: 3/3
   195 | D        | Reached XP level 4. HP: 34/34 MP: 4/4
   195 | D        | Reached XP level 5. HP: 38/38 MP: 5/5
   304 | D        | Reached **** piety under Trog
   336 | D        | Noticed a centaur
   340 | D        | Reached skill level 8 in Axes
   340 | D        | Reached XP level 6. HP: 44/44 MP: 6/6
   353 | D        | Reached skill level 9 in Axes
   354 | D        | Noticed Crazy Yiuf
   358 | D        | Reached ***** piety under Trog
   358 | D        | Reached skill level 5 in Armour
   359 | D        | HP: 2/45 [centaur (4)]
   363 | D        | Reached skill level 10 in Axes
   363 | D        | Reached XP level 7. HP: 27/50 MP: 7/7
   374 | D        | Killed Crazy Yiuf
   535 | D        | Received a gift from Trog
   782 | D        | Noticed a freezing wraith
   786 | D        | Reached skill level 11 in Axes
   787 | D        | Received a gift from Trog
   787 | D        | Reached XP level 8. HP: 34/56 MP: 2/8
   788 | D        | HP: 4/84 [freezing wraith (1)]
   790 | D        | Demolished by a freezing wraith

Skill      XL: |  1  2  3  4  5  6  7 |
---------------+----------------------+-----
Axes           | 3 7 8 10 11 | 11.4
Fighting       | 4 7 8 9 |  9.5
Dodging        | 3 4 |  4.2
Armour         | 3 4 5 7 |  7.3
Stealth        | 2 3 4 |  4.4

Action                   |  1- 3 |  4- 6 |  7- 9 || total
-------------------------+-------+-------+-------++-------
Melee: Hand axe          |    28 |    28 |    16 ||    72
       Battleaxe         |       |       |    32 ||    32
Invok: Berserk           |     1 |     1 |     1 ||     3
  Use: Potion            |       |     1 |     1 ||     2
 Stab: Sleeping          |     1 |       |       ||     1
  Eat: Chunk             |       |       |     1 ||     1
Armor: Animal skin       |     5 |       |       ||     5
       Plate armour      |       |    26 |    50 ||    76
Dodge: Dodged            |    18 |    19 |    21 ||    58
